 Dungeon Crawl Stone Soup version 0.22-a0-126-g307c7c3 (webtiles) character file.

396 tof the Cudgeler (level 6, -1/56 HPs)
             Began as a Minotaur Fighter on Jan 30, 2018.
             Slain by a worker ant (5 damage)
             ... on level 3 of the Dungeon.
             The game lasted 00:03:05 (3017 turns).

tof the Cudgeler (Minotaur Fighter)                 Turns: 3017, Time: 00:03:05

Health: -1/56      AC:  7    Str: 25    XL:     6   Next: 52%
Magic:  14/14      EV:  8    Int:  5    God:
Gold:   252        SH: 10    Dex: 12    Spells: 5/5 levels left

rFire    . . .     SeeInvis .   a - +0 flail
rCold    . . .     Gourm    .   c - +0 shield
rNeg     . . .     Faith    .   b - +0 scale mail
rPois    .         Spirit   .   (helmet restricted)
rElec    .         Reflect  .   (no cloak)
rCorr    .         Harm     .   (no gloves)
MR       .....                  (no boots)
Stlth    ..........             (no amulet)
HPRegen  0.18/turn              p - ring of magical power
MPRegen  0.14/turn              (no ring)

@: mighty, lethally poisoned (-1 -> -6)
A: retaliatory headbutt, horns 2
a: no special abilities


You were on level 3 of the Dungeon.
You were hungry.

You visited 1 branch of the dungeon, and saw 4 of its levels.

You collected 252 gold pieces.

Inventory:

Hand Weapons
 a - a +0 flail (weapon)
Armour
 b - a +0 scale mail (worn)
 c - a +0 shield (worn)
Jewellery
 p - a ring of magical power (left hand)
Wands
 u - a wand of random effects (31)
Scrolls
 e - 5 scrolls of remove curse {unknown}
 g - 2 scrolls of blinking {unknown}
 h - a scroll of teleportation {unknown}
 i - a scroll of amnesia {unknown}
 j - 4 scrolls of identify {unknown}
 l - a scroll of enchant weapon {unknown}
Potions
 k - a potion of berserk rage {unknown}
 m - a potion of curing {unknown}
 n - a potion of mutation {unknown}
 o - a potion of heal wounds {unknown}
 q - a potion of haste {unknown}
 t - 2 potions of degeneration {unknown}
Books
 s - a book of Misfortune

   Spells                             Type                      Level
   a - Confusing Touch                Hexes                        1
   b - Confuse                        Hexes                        3
   c - Gell's Gravitas                Translocation                3
   d - Petrify                        Transmutation/Earth          4
   e - Metabolic Englaciation         Hexes/Ice                    5
   f - Yara's Violent Unravelling     Hexes/Transmutation          5
Comestibles
 f - 7 rations


   Skills:
 + Level 5.1 Fighting
 * Level 5.7 Maces & Flails
 + Level 5.1 Armour
 + Level 5.0 Shields


You had 5 spell levels left.
You didn't know any spells.

Dungeon Overview and Level Annotations

Branches:
Dungeon (4/15)
 Temple: D:4-7

Altars:


Innate Abilities, Weirdness & Mutations

You reflexively headbutt those who attack you in melee.
You have a pair of horns on your head.


Message History

The worker ant completely misses you.
You feel sick. The worker ant bites you.
* * * LOW HITPOINT WARNING * * *
You feel sick.
There is a stone staircase leading up, spattered with blood here.
The worker ant bites you.
* * * LOW HITPOINT WARNING * * *
You are lethally poisoned!
The worker ant poisons you!
You climb upwards.
* * * LOW HITPOINT WARNING * * *
You feel sick.
There is a stone staircase leading down here.
You feel very mighty all of a sudden.
* * * LOW HITPOINT WARNING * * *
You feel sick.
The worker ant bites you but does no damage.
The worker ant bites you.
You die...

#.##.# #....###.##...### ###
#.##.## #.....##......... ).#
#.#...## ##....#####...### #)#
#..#.#.## #.......####.##
#รท###.##.##.#####............#
#.##....................######
#.###.##.##.####<#....###
#........#.## #a#....########
#######.#.## #@#...........#
##.## #.###########.# ###
#.###########.####
#...............).
##################


You could see a worker ant.

Vanquished Creatures
  2 ogres (D:4)
  2 hounds
  2 orc wizards (D:3)
  A gnoll (D:1)
  2 adders
  An adder skeleton (D:4)
  A worm (D:2)
  4 dart slugs
  2 leopard geckos
  2 orcs (D:3)
  2 ball pythons
  3 bats
  4 giant cockroaches
  4 goblins
  5 hobgoblins
  8 jackals (D:3)
  6 kobolds
  A quokka (D:3)
  7 frilled lizards
  10 rats
69 creatures vanquished.

Notes
Turn   | Place    | Note
-------+----------+-------------------------------------------
     0 | D:1      | tof the Minotaur Fighter began the quest for the Orb.
     0 | D:1      | Reached XP level 1. HP: 19/19 MP: 0/0
    76 | D:1      | Reached XP level 2. HP: 27/27 MP: 1/1
   554 | D:1      | Reached XP level 3. HP: 33/33 MP: 2/2
  1525 | D:3      | Reached XP level 4. HP: 35/40 MP: 3/3
  1780 | D:3      | Reached XP level 5. HP: 47/47 MP: 4/4
  2461 | D:4      | Noticed an ogre
  2656 | D:4      | Killed an ogre
  2656 | D:4      | Reached skill level 5 in Maces & Flails
  2656 | D:4      | Reached XP level 6. HP: 16/55 MP: 5/5
  2952 | D:4      | Reached skill level 5 in Fighting
  2952 | D:4      | Reached skill level 5 in Armour
  2952 | D:4      | Reached skill level 5 in Shields
  3017 | D:3      | Slain by a worker ant

Vault maps used:
D:1:      dpeg_arrival_ratfight, patterned_corridor
D:4:      minmay_diamond_boxcup, zin_statuary, first_ration,
          minmay_misc_feat_four_crosses, kennysheep_another_room

Skill      XL: |  1  2  3  4  5  6 |
---------------+-------------------+-----
Maces & Flails | 3 4 5 |  5.7
Fighting       | 4 5 |  5.1
Armour         | 4 5 |  5.1
Shields        | 4 5 |  5.0

Action                   |  1- 3 |  4- 6 || total
-------------------------+-------+-------++-------
Melee: Flail             |    81 |    91 ||   172
       Headbutt          |     6 |    17 ||    23
  Use: Potion            |       |     1 ||     1
  Eat: Chunk             |     2 |     4 ||     6
Armor: Scale mail        |    28 |    49 ||    77
Dodge: Dodged            |    22 |    20 ||    42
Block: Shield            |    35 |    54 ||    89

Table legend:
 A = Spawn XP
 B = Non-spawn XP
 C = Spawn XP percentage of total XP
 D = Spawn monster count
 E = Non-spawn monster count
 F = Spawn count percentage of total count
 G = Total turns spent on level
                    A         B        C        D         E        F      G
               +---------+---------+-------+---------+---------+-------+---------
         Total |       0 |     567 |   0.0 |       0 |      69 |   0.0 |  3017
               +---------+---------+-------+---------+---------+-------+---------
           D:1 |       0 |      55 |   0.0 |       0 |      23 |   0.0 |   932
           D:2 |       0 |      29 |   0.0 |       0 |       9 |   0.0 |   546
           D:3 |       0 |     164 |   0.0 |       0 |      26 |   0.0 |   828
           D:4 |       0 |     319 |   0.0 |       0 |      11 |   0.0 |   711
               +---------+---------+-------+---------+---------+-------+---------
